 Dungeon Crawl Stone Soup version 0.30-a0-51-g784eafce7f (webtiles) character file.

Game seed: 14796318617513919609

48 Newt the Trooper (level 3, -1/29 HPs)
             Began as a Demonspawn Gladiator on Sept 5, 2022.
             Slain by a gnoll
             ... wielding a +0 spear
              (5 damage)
             ... on level 3 of the Dungeon.
             The game lasted 00:03:06 (3756 turns).

Newt the Trooper (Demonspawn Gladiator)             Turns: 3756, Time: 00:03:07

Health: -1/29      AC:  4    Str: 16    XL:     3   Next: 50%
Magic:  3/3        EV: 12    Int:  9    God:
Gold:   112        SH:  4    Dex: 14    Spells: 2/2 levels left

rFire   . . .      SeeInvis .    a - +0 rapier
rCold   . . .      Faith    .    (no shield)
rNeg    . . .      Spirit   .    b - +0 leather armour
rPois   .          Reflect  .    c - +0 helmet
rElec   .          Harm     .    (no cloak)
rCorr   .          Rampage  .    (no gloves)
Will    .....                    (no boots)
Stlth   ++........               (no amulet)
HPRegen 0.09/turn                (no ring)
MPRegen 0.08/turn                (no ring)

@: no status effects
A: condensation shield
a: no special abilities


You were on level 3 of the Dungeon.
You visited 1 branch of the dungeon, and saw 3 of its levels.

You collected 134 gold pieces.
You spent 22 gold pieces at shops.

Inventory:

Hand Weapons
 a - a +0 rapier (weapon)
Missiles
 d - 3 throwing nets (quivered)
Armour
 b - a +0 leather armour (worn)
 c - a +0 helmet (worn)
 t - a +3 plate armour
Jewellery
 g - a ring of positive energy
Scrolls
 h - 2 scrolls of noise
 i - a scroll of teleportation
Potions
 f - 3 potions of curing {unknown}
 j - 2 potions of lignification
 l - a potion of haste {unknown}
 n - 2 potions of resistance {unknown}
 o - a potion of brilliance {unknown}
 r - a potion of heal wounds {unknown}
 s - a potion of attraction {unknown}
 u - a potion of might {unknown}


   Skills:
 + Level 3.2 Fighting
 - Level 2.6 Short Blades
 - Level 1.7 Throwing
 - Level 2.6 Dodging
 - Level 2.0 Stealth


You had 2 spell levels left.
You didn't know any spells.
Your spell library contained the following spells:

 Spells                   Type           Power      Damage    Failure   Level
 Sting                    Tmut/Pois      0%         1d3       45%         1
 Poisonous Vapours        Pois/Air       0%         N/A       58%         2
 Olgreb's Toxic Radiance  Pois           0%         N/A       99%         4


Dungeon Overview and Level Annotations

Branches:
Dungeon (3/15)

Altars:
Fedhas
Qazlal

Shops:
D:1 ?   D:2 [


Innate Abilities, Weirdness & Mutations

A meltable shield of frost defends you. (SH +4)


Message History

The creatures around you are filled with an inner flame!
It was a scroll of immolation.
You swap places.
There is a stone staircase leading up here.
You can't go down here!
Things that are here:
a +0 leather armour; a +0 hand axe
Found a scroll of poison.
You see here a scroll of poison.
f - 3 lumpy purple potions (gained 2)
Your frilled lizard's inner flame fades away.
Your giant cockroach's inner flame fades away.
You swap places.
You swap places.
Your giant cockroach dissolves into shadows!
Your frilled lizard dissolves into shadows!
You see here a scroll of poison.
The gnoll shouts!
A gnoll is nearby!
The gnoll barely misses you.
The gnoll shouts!
The gnoll hits you from afar with a +0 spear!
The gnoll barely misses you.
You barely miss the gnoll. The gnoll barely misses you.
The gnoll hits you from afar with a +0 halberd!
You closely miss the gnoll. The gnoll barely misses you.
Throw: javelin
Press: ? - help, Shift-Dir - straight line, f - gnoll
Aim: a gnoll, wielding a +0 halberd (63% to hit)
You throw a javelin. The javelin pierces through the gnoll!
The gnoll is severely wounded.
The javelin closely misses the gnoll.
The gnoll hits you with a +0 spear!
* * * LOW HITPOINT WARNING * * *
The gnoll barely misses you.
Unknown command.
You hit the gnoll.
The gnoll is moderately wounded.
The gnoll hits you with a +0 spear.
You die...

##### ######...##
..........############
.####.....<....g@.gg(#
## ####..##########.# ##
#.## #.# ### ...
#############.#####.###
....
#.......g............#
.....
###.##########.........#
.~....#.#.# ######.<..#
.⌠~..g'...# ##.#.#
~~.._.#.### #.#.####


You could see 3 gnolls.

Vanquished Creatures
  An adder (D:2)
  A worm (D:3)
  An orc (D:3)
  7 bats
  3 endoplasms
  2 goblins
  4 hobgoblins
  A quokka (D:2)
  3 ball pythons
  A frilled lizard (D:1)
  7 kobolds
  3 rats
34 creatures vanquished.

Vanquished Creatures (others)
  2 plants (D:3)
2 creatures vanquished.

Grand Total: 36 creatures vanquished

Notes
Turn   | Place    | Note
-------+----------+-------------------------------------------
     0 | D:1      | Newt the Demonspawn Gladiator began the quest for the Orb.
     0 | D:1      | Reached XP level 1. HP: 16/16 MP: 1/1
   209 | D:1      | Reached skill level 1 in Stealth
   375 | D:1      | Found Metuem's Magic Scroll Emporium.
   386 | D:1      | Bought a scroll of identify for 22 gold pieces
   404 | D:1      | Gained mutation: A meltable shield of frost defends you.
                  | (SH +4) [demonic ancestry]
   404 | D:1      | Reached XP level 2. HP: 19/22 MP: 2/2
   980 | D:2      | Found Meodit's Antique Armour Shoppe.
  1239 | D:2      | Reached XP level 3. HP: 28/28 MP: 3/3
  2348 | D:3      | Reached skill level 3 in Fighting
  2477 | D:3      | Found a faded altar of an unknown god.
  2746 | D:3      | Found a stormy altar of Qazlal.
  2753 | D:3      | Found a blossoming altar of Fedhas.
  3086 | D:3      | Found a faded altar of an unknown god.
  3088 | D:3      | Found a faded altar of an unknown god.
  3756 | D:3      | Slain by a gnoll

Illustrated notes

Levels and vault maps discovered:
D:1:      saegor_arrival_simple_c, layout_rooms, serial_glass, glass_columns_b,
          glass_columns_a, item_on_display_a, feat_on_display,
          item_on_display_a, serial_shops, shop
D:2:      layout_basic, serial_shops, nicolae_diamond_shop
D:3:      layout_loops_ring, nicolae_hepliaklqana_ecumenical_no_more,
          grunt_temple_overflow_forces_of_nature, ebering_ecumenical_altar_webs

Skill      XL: |  1  2  3 |
---------------+----------+-----
Stealth        | 1 2 |  2.0
Fighting       | 3 |  3.2
Short Blades   | |  2.6
Throwing       | |  1.7
Dodging        | |  2.6

Action                   || total
-------------------------++-------
Melee: Rapier            ||   136
       Punch             ||     1
Throw: Javelin           ||     1
  Use: Scroll            ||     7
 Stab: Sleeping          ||     4
Armor: Leather armour    ||    45
Dodge: Dodged            ||   119
Block: Other             ||    30

Table legend: (Time is in decaauts)
 A = Elapsed time spent in this place.
 B = Non-inter-level travel time spent in this place.
 C = Inter-level travel time spent in this place.
 D = Time resting spent in this place.
 E = Time spent auto-exploring this place.
 F = Levels seen in this place.
 G = Mean time per level.
                   A        B        C        D        E       F      G
               +--------+--------+--------+--------+--------+-----+--------+
         Total |   3768 |   3647 |    121 |    969 |   2258 |   3 | 1256.0 |
       Dungeon |   3768 |   3647 |    121 |    969 |   2258 |   3 | 1256.0 |
               +--------+--------+--------+--------+--------+-----+--------+

Top non-repeatable levels by time:
     D:2: 1797 daAuts
     D:3: 1000 daAuts
     D:1: 971 daAuts
